 Dungeon Crawl Stone Soup version 0.29.1-15-g9cfb28693d (webtiles) character file.

Game seed: 15703756839782722639

4221 protoss039 the Digger (level 10, -3/79 HPs)
             Began as a Demonspawn Earth Elementalist on Mar 17, 2023.
             Was a Believer of Vehumet.
             Slain by a gnoll sergeant
             ... wielding a +0 spear of venom
              (11 damage)
             ... on level 9 of the Dungeon.
             The game lasted 00:15:02 (8524 turns).

protoss039 the Digger (DsEE)                        Turns: 8524, Time: 00:15:02

Health: -3/79      AC:  8    Str:  9    XL:     10   Next: 9%
Magic:  19/19      EV: 11    Int: 21    God:    Vehumet [**....]
Gold:   436        SH:  0    Dex: 13    Spells: 13/21 levels left

rFire   . . .      SeeInvis .   z - +5 war axe (elec)
rCold   . . .      Faith    .   (no shield)
rNeg    . . .      Spirit   .   j - +0 ring mail
rPois   .          Reflect  .   (no helmet)
rElec   .          Harm     .   a - scarf {repulsion}
rCorr   .          Rampage  .   w - +0 pair of gloves
Will    .....                   (no boots)
Stlth   ..........              d - amulet of regeneration
HPRegen 1.03/turn               (no ring)
MPRegen 0.16/turn               (no ring)

@: confused, lethally poisoned (-3 -> -6), ambrosia-drunk, repel missiles
A: hooves 1, rugged brown scales 1, ignite blood 1
a: Renounce Religion


You were on level 9 of the Dungeon.
You worshipped Vehumet.
Vehumet was pleased with you.
You visited 2 branches of the dungeon, and saw 10 of its levels.
You also visited: Bailey.

You collected 571 gold pieces.
You spent 135 gold pieces at shops.

Inventory:

Hand Weapons
 z - a +5 war axe of electrocution (weapon)
Missiles
 B - a throwing net
Armour
 a - a scarf of repulsion (worn)
 j - a +0 ring mail (worn)
 s - a +0 cloak
 w - a +0 pair of gloves (worn)
Jewellery
 d - an amulet of regeneration (around neck)
 q - an amulet of magic regeneration
Wands
 b - a wand of acid (3)
 e - a wand of roots (14)
Scrolls
 c - 4 scrolls of teleportation
 f - a scroll of vulnerability {unknown}
 g - 2 scrolls of identify
 l - a scroll of acquirement {unknown}
 m - a scroll of enchant weapon {unknown}
 n - 2 scrolls of enchant armour
 p - 3 scrolls of magic mapping
 u - a scroll of fear
 y - a scroll of poison
Potions
 i - a potion of magic
 k - 3 potions of might
 o - 2 potions of mutation
 r - a potion of flight
 t - a potion of degeneration
 v - 2 potions of haste {unknown}
 x - 3 potions of brilliance {unknown}


   Skills:
 + Level 6.6 Fighting
 * Level 5.6 Armour
 - Level 3.0 Dodging
 - Level 1.7 Stealth
 + Level 6.4 Spellcasting
 + Level 4.1 Conjurations
 - Level 0.8 Transmutations
 - Level 3.0 Air Magic
 + Level 6.7 Earth Magic


You had 13 spell levels left.
You knew the following spells:

 Your Spells              Type           Power      Damage    Failure   Level
a - Sandblast             Erth           68%        2d15      1%          1
b - Passwall              Tmut/Erth      18%        N/A       8%          2
c - Stone Arrow           Conj/Erth      58%        3d10      8%          3
d - Static Discharge      Conj/Air       21%        3-6/arc   9%          2

Your spell library contained the following spells:

 Spells                   Type           Power      Damage    Failure   Level
 Searing Ray              Conj           48%        2d6       6%          2
 Petrify                  Tmut/Erth      22%        N/A       45%         4
 Gell's Gravitas          Tloc           6%         N/A       56%         3
 Teleport Other           Tloc           6%         N/A       56%         3
 Sticky Flame             Conj/Fire      15%        2d4       69%         4
 Dispel Undead            Necr           6%         3d8       93%         4
 Dispersal                Tloc           3%         N/A       100%        6


Dungeon Overview and Level Annotations

Branches:
Dungeon (9/15) Zot: 26630  Temple (1/1) D:6 Zot: 5772  Bailey (visited)
   Lair: D:8-11         Orc: D:9-12

Altars:
Ashenzari
Cheibriados
Dithmenos
Fedhas
Gozag
Hepliaklqana
Kikubaaqudgha
Makhleb
Nemelex Xobeh
Okawaru
Qazlal
Ru
Trog
Uskayaw
Vehumet
Wu Jian
Xom
Yredelemnul

Shops:
D:5 [?   D:7 *   D:8 (

Annotations:
D:9 2 transporters


Innate Abilities, Weirdness & Mutations

You have large cloven feet.
You are partially covered in rugged brown scales. (AC +1, +3% HP)
Your demonic aura sometimes causes spilled blood to erupt in flames.


Message History

Your kick misses the gnoll sergeant.
The gnoll sergeant is heavily wounded.
You feel sick.
You are no longer poisoned.
The gnoll sergeant barely misses you.
The gnoll sergeant hits you with a +0 spear of venom!
* * * LOW HITPOINT WARNING * * *
You are poisoned.
You hit the gnoll sergeant but do no damage.
Your kick misses the gnoll sergeant.
The gnoll sergeant is heavily wounded.
You feel very sick.
The gnoll sergeant hits you with a +0 spear of venom.
* * * LOW HITPOINT WARNING * * *
You are more poisoned.
You barely miss the gnoll sergeant.
The gnoll sergeant is heavily wounded.
You feel very sick. The gnoll sergeant closely misses you.
The gnoll sergeant completely misses you.
Unknown command.
You hit the gnoll sergeant.
The gnoll sergeant is heavily wounded.
You feel very sick.
The gnoll sergeant hits you with a +0 spear of venom!
* * * LOW HITPOINT WARNING * * *
You are lethally poisoned!
Unknown command.
Okay, then.
Okay, then.
You are confused.
You feel invigorated.
* * * LOW HITPOINT WARNING * * *
You feel very sick. The gnoll sergeant barely misses you.
Unknown command.
Unknown command.
You feel very sick.
The gnoll sergeant hits you from afar with a +0 spear of venom!
You die...

# ##.
....###############..
.....................
#..........(.....
#g.@..............
#.................
#...$.............
#.......)........
###+###..........
#......### ..#
#......# >.# #......#
..# #......#


You could see a gnoll sergeant.

Vanquished Creatures
  Grinder (D:5)
  Prince Ribbit (Bailey)
  2 humans (Bailey)
  A sky beast (D:7)
  An ice beast (D:4)
  An orc warrior (D:9)
  A black bear (D:6)
  2 ogres
  4 centaurs
  2 phantoms
  13 bullfrogs
  A necrophage (D:7)
  2 scorpions
  11 wights
  An electric eel (D:6)
  A hound (D:6)
  5 orc priests
  2 gnoll boudas
  Jessica (D:2)
  6 iguanas
  7 orc wizards
  A statue (D:7)
  11 gnolls
  9 adders
  2 white imps (D:6)
  6 worms
  10 dart slugs
  34 orcs
  4 endoplasms
  4 giant cockroaches
  9 goblins
  6 hobgoblins
  7 quokkas
  3 ball pythons
  3 bats
  5 frilled lizards
  8 kobolds
  9 rats
197 creatures vanquished.

Vanquished Creatures (others)
  2 plants (D:7)
2 creatures vanquished.

Grand Total: 199 creatures vanquished

Notes
Turn   | Place    | Note
-------+----------+-------------------------------------------
     0 | D:1      | protoss039 the Demonspawn Earth Elementalist began the
                  | quest for the Orb.
     0 | D:1      | Reached XP level 1. HP: 13/13 MP: 3/3
   321 | D:1      | Gained mutation: You are partially covered in rugged brown
                  | scales. (AC +1, +3% HP) [demonic ancestry]
   321 | D:1      | Reached XP level 2. HP: 13/20 MP: 3/5
   412 | D:1      | Reached skill level 1 in Fighting
   464 | D:1      | Found a faded altar of an unknown god.
   717 | D:2      | Learned a level 2 spell: Passwall
   807 | D:2      | Reached XP level 3. HP: 19/26 MP: 6/6
   833 | D:2      | Noticed Jessica
   839 | D:2      | Killed Jessica
   912 | D:2      | Reached XP level 4. HP: 33/33 MP: 2/8
  1498 | D:2      | Learned a level 3 spell: Stone Arrow
  2111 | D:3      | Reached XP level 5. HP: 40/40 MP: 9/9
  2761 | D:4      | Noticed an ice beast
  2823 | D:4      | Found an iron altar of Okawaru.
  3067 | D:4      | Killed an ice beast
  3068 | D:4      | Reached XP level 6. HP: 45/48 MP: 3/11
  3498 | D:4      | Found a shadowy altar of Dithmenos.
  3898 | D:5      | Entered Level 5 of the Dungeon
  3938 | D:5      | Reached XP level 7. HP: 55/55 MP: 11/13
  4092 | D:5      | Found a blossoming altar of Fedhas.
  4203 | D:5      | Found Wuedd's Antique Armour Shoppe.
  4306 | D:5      | Noticed Grinder
  4310 | D:5      | Killed Grinder
  4311 | D:5      | Reached skill level 5 in Earth Magic
  4384 | D:5      | Found Baubypre's Magic Scroll Boutique.
  4387 | D:5      | Bought a scroll of identify for 22 gold pieces
  4898 | D:6      | Reached skill level 5 in Spellcasting
  4933 | D:6      | Reached skill level 5 in Fighting
  4939 | D:6      | Reached skill level 1 in Armour
  5173 | D:6      | Reached skill level 1 in Conjurations
  5173 | D:6      | Gained mutation: You have large cloven feet. [demonic
                  | ancestry]
  5173 | D:6      | Reached XP level 8. HP: 63/63 MP: 15/15
  5351 | D:6      | Found a staircase to the Ecumenical Temple.
  5370 | Temple   | Entered the Ecumenical Temple
  6053 | D:6      | Learned a level 2 spell: Static Discharge
  6089 | D:7      | Found Urchiakla's CLEARANCE SALE!.
  6097 | D:7      | Bought a scroll of noise for 9 gold pieces
  6142 | D:7      | Found a radiant altar of Vehumet.
  6148 | D:7      | Became a worshipper of Vehumet
  6203 | D:7      | Reached skill level 1 in Air Magic
  6382 | D:7      | Found a flagged portal.
  6393 | D:7      | Gained mutation: Your demonic aura sometimes causes spilled
                  | blood to erupt in flames. [demonic ancestry]
  6393 | D:7      | Reached XP level 9. HP: 51/71 MP: 10/17
  6398 | Bailey   | Entered a bailey
  6727 | Bailey   | Noticed Prince Ribbit
  6730 | Bailey   | Reached * piety under Vehumet
  6730 | Bailey   | Offered knowledge of Foxfire by Vehumet.
  6732 | Bailey   | Noticed a vault guard
  6748 | Bailey   | Killed Prince Ribbit
  6972 | D:7      | Found a shimmering altar of Xom.
  6974 | D:7      | Found a sacrificial altar of Ru.
  6975 | D:7      | Found a broken altar of Ashenzari.
  7155 | D:7      | Reached skill level 5 in Armour
  7495 | D:5      | Bought a scroll of brand weapon for 104 gold pieces
  7708 | D:8      | Found Hewin's Weapon Shop.
  7787 | D:8      | Identified the +1 chain mail "Xuke" {*Slow Str+5}
  7817 | D:8      | Reached ** piety under Vehumet
  7817 | D:8      | Offered knowledge of Searing Ray by Vehumet.
  8192 | D:9      | Reached XP level 10. HP: 76/76 MP: 19/19
  8450 | D:9      | Found a transporter.
  8453 | D:9      | Found a transporter.
  8469 | D:9      | Found a snail-covered altar of Cheibriados.
  8522 | D:9      | HP: 3/79 [gnoll sergeant/+0 spear of venom (10)]
  8524 | D:9      | Slain by a gnoll sergeant

Illustrated notes

Levels and vault maps discovered:
D:1:      onia_arrival_pyramid, layout_rooms, dreamdust_ecumenical_altar_statues
D:2:      layout_loops_cross, uniq_jessica
D:3:      layout_loops_corners, gup_sewer_entry_spiral
D:4:      layout_layer_cave, mainiacjoe_overflow_concentric_impassable,
          mainiacjoe_overflow_small_starburst, kennysheep_nub,
          nrook_mini_backslash
D:5:      layout_loops_cross, kennysheep_mini, fedhas_altar_3, serial_shops,
          shop, kennysheep_mini_moat, uniq_grinder
D:6:      kennysheep_slugbush, layout_rooms,
          minmay_temple_entry_statues_fountains
D:7:      layout_basic, vehumet_statue, gammafunk_temple_overflow_forgotten,
          enter_bailey_6, nicolae_shop_clearance
D:8:      layout_basic, serial_shops, nicolae_diamond_shop
D:9:      layout_irregular_city, mainiacjoe_overflow_alcove_4,
          gammafunk_ghost_hive
Temple:   chequers_temple_sunken

Skill      XL: |  1  2  3  4  5  6  7  8  9 |
---------------+----------------------------+-----
Fighting       | 1 2 3 4 5 6 |  6.6
Earth Magic    | 3 4 5 6 |  6.7
Spellcasting   | 3 4 5 6 |  6.4
Armour         | 1 3 5 |  5.6
Conjurations   | 1 2 4 |  4.1
Dodging        | 2 3 |  3.0
Air Magic      | 1 3 |  3.0
Stealth        | |  1.7
Transmutations | |  0.8

Action                   |  1- 3 |  4- 6 |  7- 9 | 10-12 || total
-------------------------+-------+-------+-------+-------++-------
Melee: Dagger            |    38 |    87 |    20 |       ||   145
       Unarmed           |     3 |       |       |       ||     3
       War axe           |       |       |    27 |    26 ||    53
       Kick              |       |       |     6 |     7 ||    13
       Punch             |       |       |     1 |       ||     1
 Cast: Sandblast         |    28 |    78 |   167 |       ||   273
       Passwall          |       |     1 |       |       ||     1
       Stone Arrow       |       |       |     9 |       ||     9
       Static Discharge  |       |       |     6 |       ||     6
Evoke: Wand              |       |       |     1 |       ||     1
  Use: Potion            |     1 |       |     5 |     2 ||     8
       Scroll            |       |     4 |     6 |     1 ||    11
 Stab: Sleeping          |     3 |     2 |       |       ||     5
       Distracted        |     1 |       |       |       ||     1
Armor: Robe              |     6 |     1 |       |       ||     7
       Ring mail         |       |    50 |    51 |    15 ||   116
       Leather armour    |       |     4 |       |       ||     4
Dodge: Dodged            |    39 |    72 |   116 |    29 ||   256
       Repelled          |       |     1 |     2 |       ||     3
